[Event "Niedersachsen-ch B 2024"]
[Site "Verden Aller"]
[Date "2024.01.05"]
[Round "3.18"]
[White "Schiel, Lucas"]
[Black "Krueger, Moritz"]
[Result "*"]
[ECO "E30"]
[WhiteElo "1312"]
[BlackElo "1607"]
[Annotator "NA RC"]
[PlyCount "54"]
[EventDate "2024.01.01"]
[EventType "swiss"]
[EventCountry "GER"]
[SourceTitle "playchess.com"]
[Source "ChessBase"]
[SourceQuality "1"]
[TimeControl "40/5400+30:1800+30"]

1. d4 Nf6 2. c4 e6 3. Nc3 Bb4 4. Bg5 c5 5. d5 h6 6. Bh4 g5 7. Bg3 Ne4 8. Qc2 Qf6 9. Rc1 Nxc3 10. bxc3 Ba5 11. Nf3 Qf5 12. e4 Qg6 13. Bd3 Bd8 14. O-O h5 15. e5 Qg7 16. h4 gxh4 17. Nxh4 Rg8 18. Be4 Qg4 19. Bf3 Qxc4 20. Qh7 Kf8 21. Bxh5 Rg7 22. Qh8+ Rg8 23. Qh6+ Rg7 24. Bf4 Kg8 25. dxe6 dxe6 26. Ng6 fxg6 27. Rfd1 Nc6 *

[Event "Niedersachsen-ch B 2024"]
[Site "Verden Aller"]
[Date "2024.01.05"]
[Round "3.19"]
[White "Ristedt, Mathis"]
[Black "Nechitaylo, Lev"]
[Result "*"]
[ECO "D51"]
[WhiteElo "1601"]
[BlackElo "1456"]
[Annotator "NA RC"]
[PlyCount "31"]
[EventDate "2024.01.01"]
[EventType "swiss"]
[EventCountry "GER"]
[SourceTitle "playchess.com"]
[Source "ChessBase"]
[SourceQuality "1"]
[TimeControl "40/5400+30:1800+30"]

1. d4 d5 2. c4 e6 3. Nc3 Nf6 4. Bg5 Nbd7 5. e3 b6 6. cxd5 exd5 7. Nxd5 Be7 8. Nxe7 Qxe7 9. Nf3 Bb7 10. a3 O-O 11. Be2 h6 12. Bh4 c5 13. O-O cxd4 14. Bxf6 Nxf6 15. Nxd4 Rfd8 16. Bf3 *

[Event "Niedersachsen-ch B 2024"]
[Site "Verden Aller"]
[Date "2024.01.05"]
[Round "3.20"]
[White "Ramme, Georg"]
[Black "Schoenfelder, Dennis Yoel"]
[Result "*"]
[ECO "D02"]
[WhiteElo "1579"]
[BlackElo "1370"]
[Annotator "NA RC"]
[PlyCount "48"]
[EventDate "2024.01.01"]
[EventType "swiss"]
[EventCountry "GER"]
[SourceTitle "playchess.com"]
[Source "ChessBase"]
[SourceQuality "1"]
[TimeControl "40/5400+30:1800+30"]

1. Nf3 Nf6 2. d4 d5 3. Bf4 e6 4. Nbd2 Bd6 5. Bxd6 Qxd6 6. e3 O-O 7. c3 c5 8. dxc5 Qxc5 9. Nb3 Qe7 10. Qd4 Ne4 11. Qb4 Qxb4 12. cxb4 a6 13. Be2 Nc6 14. a3 f6 15. O-O Bd7 16. Rac1 Rac8 17. Rfd1 Rfd8 18. Ne1 Nd6 19. Nc5 Ne4 20. Nxb7 Rf8 21. f3 Ng5 22. Nc5 Rfd8 23. h4 Nf7 24. Bxa6 Rc7 *

[Event "Niedersachsen-ch B 2024"]
[Site "Verden Aller"]
[Date "2024.01.05"]
[Round "3.21"]
[White "Frowein, Ernst Holger"]
[Black "Lieb, Max"]
[Result "1/2-1/2"]
[ECO "B33"]
[WhiteElo "1755"]
[BlackElo "1365"]
[Annotator "NA RC"]
[PlyCount "46"]
[EventDate "2024.01.01"]
[EventType "swiss"]
[EventCountry "GER"]
[SourceTitle "playchess.com"]
[Source "ChessBase"]
[SourceQuality "1"]
[TimeControl "40/5400+30:1800+30"]

1. e4 c5 2. Nf3 Nc6 3. d4 cxd4 4. Nxd4 Nf6 5. Nc3 e5 6. Ndb5 d6 7. Bg5 a6 8. Na3 b5 9. Nd5 Be7 10. Bxf6 Bxf6 11. c3 Bg5 12. Be2 O-O 13. O-O Be6 14. Nc2 Bxd5 15. Qxd5 Ne7 16. Qd3 f5 17. exf5 Nxf5 18. Bf3 Ra7 19. Be4 Qf6 20. a4 bxa4 21. Rxa4 a5 22. Nb4 axb4 23. Rxa7 Ne3 1/2-1/2

[Event "Niedersachsen-ch B 2024"]
[Site "Verden Aller"]
[Date "2024.01.05"]
[Round "3.22"]
[White "Rose, Simeon"]
[Black "Nguyen, Laurentius"]
[Result "0-1"]
[ECO "C50"]
[WhiteElo "1368"]
[BlackElo "1546"]
[Annotator "NA RC"]
[PlyCount "128"]
[EventDate "2024.01.01"]
[EventType "swiss"]
[EventCountry "GER"]
[SourceTitle "playchess.com"]
[Source "ChessBase"]
[SourceQuality "1"]
[TimeControl "40/5400+30:1800+30"]

1. e4 e5 2. Nf3 Nc6 3. Bc4 Bc5 4. d3 Nf6 5. Nc3 h6 6. Be3 d6 7. Bxc5 dxc5 8. Bb5 Qd6 9. Bxc6+ bxc6 10. h3 O-O 11. O-O Re8 12. Nd2 Nh7 13. Nc4 Qg6 14. Kh2 Nf6 15. Ne2 Nh5 16. Ng3 Nf4 17. Qf3 Qe6 18. Nf5 Qf6 19. Nce3 Bxf5 20. Nxf5 Ne6 21. Qg4 Nd4 22. c3 Nxf5 23. Qxf5 Qxf5 24. exf5 Rad8 25. Rad1 Rd5 26. Rfe1 f6 27. g4 Red8 28. Re3 c4 29. Kg3 cxd3 30. Kf3 c5 31. c4 R5d6 32. b3 Re8 33. Rd2 Kf7 34. Rd1 Re7 35. Ke4 Rd4+ 36. Kf3 e4+ 37. Kf4 Ke8 38. f3 exf3+ 39. Kxf3 d2 40. Rxe7+ Kxe7 41. Ke3 Kd6 42. Rxd2 Rxd2 43. Kxd2 Ke5 44. Ke3 h5 45. Kf3 hxg4+ 46. hxg4 Kd4 47. g5 Ke5 48. Kg4 Ke4 49. gxf6 gxf6 50. Kg3 Kxf5 51. Kf3 Ke5 52. Ke3 f5 53. Kf3 f4 54. a4 a5 55. Kf2 Ke4 56. Ke2 f3+ 57. Kf2 Kf4 58. Kf1 Ke3 59. Ke1 f2+ 60. Kf1 Kf3 61. b4 axb4 62. a5 b3 63. a6 b2 64. a7 b1=R# 0-1

[Event "Niedersachsen-ch B 2024"]
[Site "Verden Aller"]
[Date "2024.01.05"]
[Round "3.24"]
[White "Fize, Aleksandrs"]
[Black "Eitel, Luc"]
[Result "*"]
[ECO "D00"]
[WhiteElo "1307"]
[BlackElo "1535"]
[Annotator "NA RC"]
[PlyCount "61"]
[EventDate "2024.01.01"]
[EventType "swiss"]
[EventCountry "GER"]
[SourceTitle "playchess.com"]
[Source "ChessBase"]
[SourceQuality "1"]
[TimeControl "40/5400+30:1800+30"]

1. d4 d5 2. Nc3 Nf6 3. Bf4 a6 4. e3 c5 5. Nf3 e6 6. dxc5 Bxc5 7. Bd3 Nc6 8. O-O Bd6 9. Bxd6 Qxd6 10. e4 d4 11. Ne2 O-O 12. e5 Nxe5 13. Nexd4 Nxd3 14. cxd3 b5 15. Qe2 Bb7 16. Rac1 Rac8 17. Nb3 Bd5 18. Nbd2 h6 19. b3 Qf4 20. Qe3 Qxe3 21. fxe3 Bxf3 22. Nxf3 Nd5 23. Kf2 Nb4 24. Ke2 Nxa2 25. Ra1 Rc2+ 26. Nd2 Rfc8 27. Kd1 Rb2 28. g3 Rcc2 29. Nf3 Nc3+ 30. Ke1 Na2 31. Kd1 *

[Event "Niedersachsen-ch B 2024"]
[Site "Verden Aller"]
[Date "2024.01.05"]
[Round "3.28"]
[White "Tenninger, Joerg"]
[Black "Schumacher, Klaus"]
[Result "0-1"]
[ECO "D20"]
[WhiteElo "1508"]
[BlackElo "1724"]
[Annotator "NA RC"]
[PlyCount "34"]
[EventDate "2024.01.01"]
[EventType "swiss"]
[EventCountry "GER"]
[SourceTitle "playchess.com"]
[Source "ChessBase"]
[SourceQuality "1"]
[TimeControl "40/5400+30:1800+30"]

1. d4 d5 2. c4 dxc4 3. e3 e5 4. Nf3 exd4 5. Nxd4 Bb4+ 6. Nc3 c5 7. Ndb5 Bxc3+ 8. Nxc3 Qxd1+ 9. Kxd1 Be6 10. Ne4 Nd7 11. Nd6+ Ke7 12. Nxc4 Ngf6 13. b3 Rhd8 14. Ba3 Bxc4 15. Bxc4 Nb6+ 16. Ke2 Nxc4 17. Bxc5+ Nd6 0-1

[Event "Niedersachsen-ch B 2024"]
[Site "Verden Aller"]
[Date "2024.01.05"]
[Round "3.29"]
[White "Margaryan, Venera"]
[Black "Nordhorn, Horst"]
[Result "*"]
[ECO "D35"]
[WhiteElo "1473"]
[BlackElo "1696"]
[Annotator "NA RC"]
[PlyCount "62"]
[EventDate "2024.01.01"]
[EventType "swiss"]
[EventCountry "GER"]
[SourceTitle "playchess.com"]
[Source "ChessBase"]
[SourceQuality "1"]
[TimeControl "40/5400+30:1800+30"]

1. d4 d5 2. c4 e6 3. Nc3 c6 4. cxd5 exd5 5. Nf3 Bf5 6. Bf4 h6 7. e3 Bd6 8. Bxd6 Qxd6 9. Be2 Nd7 10. O-O Ngf6 11. a3 O-O 12. b4 b5 13. Rc1 Nb6 14. Nd2 Rfe8 15. Re1 Re7 16. h3 a5 17. Qb3 axb4 18. Qxb4 Qxb4 19. axb4 Nc4 20. Nxc4 bxc4 21. b5 cxb5 22. Nxb5 Ra6 23. Nc3 Ra5 24. Bf1 h5 25. f3 g5 26. g4 Bg6 27. Bg2 hxg4 28. hxg4 Bd3 29. Bf1 Bxf1 30. Kxf1 Kg7 31. Kg2 Re6 *

[Event "Niedersachsen-ch B 2024"]
[Site "Verden Aller"]
[Date "2024.01.05"]
[Round "3.30"]
[White "Steven, Matthias"]
[Black "Warns, Harald"]
[Result "*"]
[ECO "B02"]
[WhiteElo "1284"]
[BlackElo "1683"]
[Annotator "NA RC"]
[PlyCount "32"]
[EventDate "2024.01.01"]
[EventType "swiss"]
[EventCountry "GER"]
[SourceTitle "playchess.com"]
[Source "ChessBase"]
[SourceQuality "1"]
[TimeControl "40/5400+30:1800+30"]

1. e4 Nf6 2. Nc3 d5 3. exd5 Nxd5 4. Bc4 e6 5. d4 Bb4 6. Nge2 c6 7. O-O Nd7 8. Qd3 Nxc3 9. bxc3 Bd6 10. Bb3 Qc7 11. h3 b6 12. c4 Ba6 13. Qf3 Nf6 14. Rd1 Bb7 15. Bf4 Bxf4 16. Nxf4 O-O *

[Event "Niedersachsen-ch B 2024"]
[Site "Verden Aller"]
[Date "2024.01.05"]
[Round "3.32"]
[White "Direk, Oguzhan"]
[Black "Sauer, Ben"]
[Result "1-0"]
[ECO "D00"]
[WhiteElo "1657"]
[BlackElo "1427"]
[Annotator "NA RC"]
[PlyCount "53"]
[EventDate "2024.01.01"]
[EventType "swiss"]
[EventCountry "GER"]
[SourceTitle "playchess.com"]
[Source "ChessBase"]
[SourceQuality "1"]
[TimeControl "40/5400+30:1800+30"]

1. d4 d5 2. Nc3 Nf6 3. Bf4 c5 4. Nf3 a6 5. dxc5 e6 6. b4 Nc6 7. a3 Bd7 8. Na4 Ne7 9. Nb6 Ra7 10. h3 g6 11. e3 Bg7 12. Ne5 Nc6 13. c4 Nxe5 14. Bxe5 Bc6 15. b5 axb5 16. cxb5 Bd7 17. Qd4 Ra5 18. Nxd7 Kxd7 19. c6+ Kc8 20. Rc1 Ra8 21. cxb7+ Kxb7 22. Rc7+ Qxc7 23. Bxc7 Kxc7 24. Qc5+ Kd7 25. b6 Rhb8 26. Bb5+ Kd8 27. Qc7# 1-0

[Event "Niedersachsen-ch B 2024"]
[Site "Verden Aller"]
[Date "2024.01.05"]
[Round "3.33"]
[White "Wildner, Jens Martin"]
[Black "Rinke, Alexander"]
[Result "1/2-1/2"]
[ECO "D35"]
[WhiteElo "1634"]
[BlackElo "1296"]
[Annotator "NA RC"]
[PlyCount "111"]
[EventDate "2024.01.01"]
[EventType "swiss"]
[EventCountry "GER"]
[SourceTitle "playchess.com"]
[Source "ChessBase"]
[SourceQuality "1"]
[TimeControl "40/5400+30:1800+30"]

1. d4 d5 2. c4 e6 3. Nc3 Nf6 4. cxd5 exd5 5. Bg5 Be6 6. e3 c6 7. Bd3 Bd6 8. Qc2 h6 9. Bh4 O-O 10. Nge2 Nbd7 11. O-O Qc7 12. Bg3 Bxg3 13. Nxg3 Ne8 14. f3 Ndf6 15. Rad1 Qb6 16. Kh1 Nc7 17. Na4 Qb4 18. a3 Qd6 19. Bf5 Nb5 20. Nc5 b6 21. Nb3 Bxf5 22. Nxf5 Qe6 23. Rfe1 Rac8 24. Qd3 Rfe8 25. a4 Nd6 26. Nxd6 Qxd6 27. a5 bxa5 28. Nc5 Nd7 29. Nxd7 Qxd7 30. Qa3 Qc7 31. Rc1 Rb8 32. Rc5 Rb5 33. Rec1 Rxc5 34. Rxc5 Qe7 35. Rc3 Qxa3 36. Rxa3 f5 37. Kg1 Kf7 38. f4 Kf6 39. Kf2 Rb8 40. Rxa5 Rxb2+ 41. Kf3 Rb7 42. Ra6 Rc7 43. h3 g6 44. Ra2 Ke6 45. g4 Rb7 46. gxf5+ gxf5 47. Rg2 Kf6 48. Rg8 Kf7 49. Rh8 Kg7 50. Rc8 a5 51. Rxc6 Ra7 52. Rc3 a4 53. Ra3 Kf6 54. h4 Kg6 55. Ra2 a3 56. Kg3 1/2-1/2

[Event "Niedersachsen-ch B 2024"]
[Site "Verden Aller"]
[Date "2024.01.05"]
[Round "3.35"]
[White "Knorr, Frank"]
[Black "Heckl, Philipp"]
[Result "1-0"]
[ECO "A23"]
[WhiteElo "1411"]
[BlackElo "1580"]
[Annotator "NA RC"]
[PlyCount "96"]
[EventDate "2024.01.01"]
[EventType "swiss"]
[EventCountry "GER"]
[SourceTitle "playchess.com"]
[Source "ChessBase"]
[SourceQuality "1"]
[TimeControl "40/5400+30:1800+30"]

1. c4 e5 2. Nc3 Nf6 3. g3 Bc5 4. Bg2 O-O 5. e3 c6 6. Nge2 d6 7. d4 exd4 8. exd4 Bb4 9. O-O Bf5 10. a3 Bxc3 11. Nxc3 a5 12. Qb3 Qc7 13. Bg5 Nbd7 14. Bf4 Nh5 15. Be3 Nhf6 16. Rfe1 Rfe8 17. Ne2 h6 18. Nf4 Re7 19. Nd3 Rae8 20. Qc3 Ne4 21. Bxe4 Bxe4 22. c5 Nf6 23. Bf4 Qd7 24. Bxd6 Nd5 25. Qd2 Qf5 26. Bxe7 Rxe7 27. Nf4 Qg4 28. Nxd5 Bxd5 29. Qf4 Qh3 30. f3 Qd7 31. Rxe7 Qxe7 32. Kf2 Qd7 33. Re1 a4 34. Kg2 Be6 35. h4 Qd5 36. Re2 Qb3 37. Qe3 Qd1 38. Qd2 Qb1 39. Qc2 Qa2 40. Qxa4 Bd5 41. Qc2 Be6 42. Re3 Qd5 43. b4 Qxd4 44. Rd3 Qf6 45. Rd6 Qe7 46. Qd3 g6 47. Rd8+ Kg7 48. Qd6 Qxd6 1-0

[Event "Niedersachsen-ch B 2024"]
[Site "Verden Aller"]
[Date "2024.01.05"]
[Round "3.36"]
[White "Middelberg, Simon"]
[Black "Stockburger, Alexander"]
[Result "*"]
[ECO "B18"]
[WhiteElo "1401"]
[BlackElo "1573"]
[Annotator "NA RC"]
[PlyCount "39"]
[EventDate "2024.01.01"]
[EventType "swiss"]
[EventCountry "GER"]
[SourceTitle "playchess.com"]
[Source "ChessBase"]
[SourceQuality "1"]
[TimeControl "40/5400+30:1800+30"]

1. e4 c6 2. d4 d5 3. Nc3 dxe4 4. Nxe4 Bf5 5. Ng3 Bg6 6. h4 h5 7. Nf3 Nd7 8. Bf4 Ngf6 9. Ne5 Nxe5 10. Bxe5 e6 11. Bd3 Bxd3 12. Qxd3 Ng4 13. Bf4 Be7 14. f3 Nf6 15. Bg5 Qd6 16. Ne2 O-O-O 17. O-O-O Rhe8 18. Bf4 Qd5 19. Nc3 Qa5 20. Kb1 *

[Event "Niedersachsen-ch B 2024"]
[Site "Verden Aller"]
[Date "2024.01.05"]
[Round "4.1"]
[White "Silber, Stefanie"]
[Black "Rossberg, Jonathan"]
[Result "0-1"]
[ECO "A40"]
[WhiteElo "1581"]
[BlackElo "1818"]
[Annotator "NA RC"]
[PlyCount "80"]
[EventDate "2024.01.01"]
[EventType "swiss"]
[EventCountry "GER"]
[SourceTitle "playchess.com"]
[Source "ChessBase"]
[SourceQuality "1"]
[TimeControl "40/5400+30:1800+30"]

1. c4 b6 2. d4 e6 3. e4 Bb7 4. Bd3 f5 5. exf5 Bxg2 6. Qh5+ g6 7. fxg6 Bg7 8. gxh7+ Kf8 9. Nh3 Nf6 10. Qh4 Bxh1 11. Nf4 Nc6 12. Ng6+ Kf7 13. Bg5 Rxh7 14. Qf4 Rh3 15. Bc2 d6 16. Nd2 Nb4 17. O-O-O Nxc2 18. Ne5+ dxe5 19. dxe5 Nd4 20. Re1 Bf3 21. exf6 Qd6 22. Qe3 Bg2 23. f3 Nf5 24. Qe4 Bxf6 25. Bxf6 Kxf6 26. Qxa8 Qe7 27. Ne4+ Kg7 28. Rg1 Rxh2 29. Nf2 Qg5+ 30. Kb1 Ne3 31. Qe4 Qf5 32. Qxf5 exf5 33. Kc1 Kf6 34. b3 Bxf3 35. Re1 Rxf2 36. Rxe3 Be4 37. a4 Rf3 38. Re2 Rxb3 39. Ra2 Rc3+ 40. Kd2 Rc2+ 0-1

[Event "Niedersachsen-ch B 2024"]
[Site "Verden Aller"]
[Date "2024.01.05"]
[Round "4.2"]
[White "Walther, Jonas"]
[Black "Richter, Silas"]
[Result "0-1"]
[ECO "B45"]
[WhiteElo "1744"]
[BlackElo "1614"]
[Annotator "NA RC"]
[PlyCount "23"]
[EventDate "2024.01.01"]
[EventType "swiss"]
[EventCountry "GER"]
[SourceTitle "playchess.com"]
[Source "ChessBase"]
[SourceQuality "1"]
[TimeControl "40/5400+30:1800+30"]

1. e4 c5 2. Nf3 e6 3. d4 cxd4 4. Nxd4 Nc6 5. Nc3 Nf6 6. Bf4 d6 7. Nxc6 bxc6 8. e5 Nd5 9. Nxd5 cxd5 10. Bd3 Rb8 11. b3 Qc7 12. Qe2 0-1

[Event "Niedersachsen-ch B 2024"]
[Site "Verden Aller"]
[Date "2024.01.05"]
[Round "4.3"]
[White "Schoene, Finn"]
[Black "Junge, Julia Marie"]
[Result "1-0"]
[ECO "D00"]
[WhiteElo "1626"]
[BlackElo "1401"]
[Annotator "NA RC"]
[PlyCount "87"]
[EventDate "2024.01.01"]
[EventType "swiss"]
[EventCountry "GER"]
[SourceTitle "playchess.com"]
[Source "ChessBase"]
[SourceQuality "1"]
[TimeControl "40/5400+30:1800+30"]

1. d4 d5 2. Nc3 Nf6 3. Bf4 a6 4. e3 Bf5 5. f3 e6 6. g4 Bg6 7. h4 h5 8. g5 Nfd7 9. e4 dxe4 10. fxe4 Nc6 11. d5 exd5 12. Nxd5 Nce5 13. Be2 c6 14. Nc3 Bb4 15. Qd4 Bc5 16. Qd2 Bb4 17. O-O-O Qa5 18. Rh3 Bxc3 19. Qxc3 Qxc3 20. Rxc3 Ng4 21. e5 O-O-O 22. e6 Nb8 23. Rxd8+ Rxd8 24. e7 Re8 25. Bd6 Nf2 26. Bb4 Ne4 27. Re3 c5 28. Ba3 b5 29. Bf3 Rxe7 30. Bxc5 Rc7 31. Bxe4 Bxe4 32. Rxe4 Rxc5 33. Re8+ Kb7 34. Nf3 Rf5 35. Ne5 Nc6 36. Nd3 Nd4 37. Re4 Ne6 38. g6 Nd8 39. gxf7 Nxf7 40. Re7+ Kb6 41. Re6+ Kb7 42. Rg6 a5 43. Rxg7 Kc6 44. Rxf7 1-0

[Event "Niedersachsen-ch B 2024"]
[Site "Verden Aller"]
[Date "2024.01.05"]
[Round "4.5"]
[White "Sanchez Tapia, Luis G."]
[Black "Goes, Carsten"]
[Result "0-1"]
[ECO "D07"]
[WhiteElo "1576"]
[BlackElo "1676"]
[Annotator "NA RC"]
[PlyCount "92"]
[EventDate "2024.01.01"]
[EventType "swiss"]
[EventCountry "GER"]
[SourceTitle "playchess.com"]
[Source "ChessBase"]
[SourceQuality "1"]
[TimeControl "40/5400+30:1800+30"]

1. d4 d5 2. c4 Nc6 3. Nf3 Bg4 4. e3 e6 5. cxd5 exd5 6. Nc3 Nf6 7. Bd3 Bd6 8. h3 Bh5 9. O-O O-O 10. a3 a6 11. b4 Ne7 12. Bd2 c6 13. Qe2 Bc7 14. Rfc1 Re8 15. a4 Qd6 16. Rab1 Bg6 17. Bxg6 Nxg6 18. Qd3 Ne4 19. b5 axb5 20. axb5 Qf6 21. bxc6 Nh4 22. Qe2 Nxf3+ 23. gxf3 Nxd2 24. Qxd2 bxc6 25. Qd1 Qh4 26. Nxd5 Qg5+ 27. Kf1 Qxd5 28. Rc5 Qd6 29. f4 Qh6 30. Rh5 Qe6 31. Qc2 g6 32. Rc5 Qxh3+ 33. Kg1 Qg4+ 34. Kh1 Qf3+ 35. Kg1 Bxf4 36. Rxc6 Qg4+ 37. Kf1 Qh3+ 38. Kg1 Bh2+ 39. Kh1 Bf4+ 40. Kg1 Qh2+ 41. Kf1 Qh3+ 42. Kg1 Bxe3 43. fxe3 Rxe3 44. Qh2 Qg4+ 45. Kf1 Rf3+ 46. Ke1 Qe4+ 0-1

[Event "Niedersachsen-ch B 2024"]
[Site "Verden Aller"]
[Date "2024.01.05"]
[Round "4.6"]
[White "Schoettker, Jochen"]
[Black "Fels, Mattis"]
[Result "1-0"]
[ECO "A00"]
[WhiteElo "1875"]
[BlackElo "1572"]
[Annotator "NA RC"]
[PlyCount "97"]
[EventDate "2024.01.01"]
[EventType "swiss"]
[EventCountry "GER"]
[SourceTitle "playchess.com"]
[Source "ChessBase"]
[SourceQuality "1"]
[TimeControl "40/5400+30:1800+30"]

1. b4 d5 2. Bb2 Bf5 3. e3 Nf6 4. c4 e6 5. a3 Bd6 6. Nf3 Nbd7 7. c5 Be7 8. Be2 O-O 9. h3 a5 10. d3 axb4 11. axb4 Rxa1 12. Bxa1 c6 13. g4 Bg6 14. g5 Ne8 15. h4 b6 16. Nd4 Qc7 17. Qa4 Ne5 18. Qc2 bxc5 19. bxc5 Qa5+ 20. Bc3 Qxc5 21. Nd2 Nd6 22. h5 Bf5 23. Nxf5 Nxf5 24. d4 Qb6 25. dxe5 Bxg5 26. Nf3 Be7 27. Kd2 Rb8 28. Bd3 Bb4 29. Rb1 Qa5 30. Bxb4 Rxb4 31. Rxb4 Qxb4+ 32. Qc3 Qa4 33. Bxf5 exf5 34. Nd4 Qa2+ 35. Qc2 Qa5+ 36. Ke2 Qa6+ 37. Kf3 Qf1 38. Qxf5 Qd1+ 39. Kg2 g6 40. hxg6 hxg6 41. Qc8+ Kg7 42. Nxc6 Qa4 43. Nd4 Qd1 44. Qd7 Kh6 45. Nf3 Qd3 46. Qxf7 Qb3 47. Qf8+ Kh5 48. Qh8+ Kg4 49. Qh3# 1-0

[Event "Niedersachsen-ch B 2024"]
[Site "Verden Aller"]
[Date "2024.01.05"]
[Round "4.7"]
[White "Nguyen, Laurentius"]
[Black "Kraeuter, Paavo Alexander"]
[Result "1/2-1/2"]
[ECO "C01"]
[WhiteElo "1546"]
[BlackElo "1832"]
[Annotator "NA RC"]
[PlyCount "105"]
[EventDate "2024.01.01"]
[EventType "swiss"]
[EventCountry "GER"]
[SourceTitle "playchess.com"]
[Source "ChessBase"]
[SourceQuality "1"]
[TimeControl "40/5400+30:1800+30"]

1. e4 e6 2. d4 d5 3. exd5 exd5 4. Nf3 Nf6 5. h3 Bd6 6. Bd3 O-O 7. O-O Re8 8. Re1 Rxe1+ 9. Qxe1 h6 10. c3 Nbd7 11. Be3 Ne4 12. Nbd2 f5 13. Nf1 c6 14. h4 Ndf6 15. Ne5 Ne8 16. Qd1 Qxh4 17. Ng6 Qf6 18. Qh5 Kh7 19. Nh4 Be6 20. f3 Ng3 21. Nxg3 Bxg3 22. Nxf5 Bxf5 23. Qxf5+ Qxf5 24. Bxf5+ g6 25. Bd3 Nd6 26. Bf2 Bf4 27. g3 Bg5 28. Re1 Re8 29. f4 Rxe1+ 30. Bxe1 Bd8 31. Kf2 Kg7 32. a4 a6 33. b4 b5 34. a5 h5 35. Ke3 Ne8 36. Bf1 Nf6 37. Bh3 Ng4+ 38. Kf3 Nh2+ 39. Ke2 Ng4 40. Bf2 Kf6 41. Bg1 Kf5 42. Kf3 g5 43. Be3 gxf4 44. Bxf4 Be7 45. Be5 Bg5 46. Bf4 Be7 47. Ke2 Ke4 48. Bg2+ Kf5 49. Kd2 Nf2 50. Ke3 Ng4+ 51. Kf3 Nf6 52. Bh3+ Ng4 53. Bf1 1/2-1/2

[Event "Niedersachsen-ch B 2024"]
[Site "Verden Aller"]
[Date "2024.01.05"]
[Round "4.8"]
[White "Woellermann, Ludger"]
[Black "ter Stal, Esther"]
[Result "1-0"]
[ECO "A05"]
[WhiteElo "1829"]
[BlackElo "1486"]
[Annotator "NA RC"]
[PlyCount "97"]
[EventDate "2024.01.01"]
[EventType "swiss"]
[EventCountry "GER"]
[SourceTitle "playchess.com"]
[Source "ChessBase"]
[SourceQuality "1"]
[TimeControl "40/5400+30:1800+30"]

1. Nf3 Nf6 2. b3 b6 3. g3 Bb7 4. Bg2 c5 5. Bb2 e6 6. O-O d5 7. d3 Nbd7 8. Nbd2 Bd6 9. Re1 Qc7 10. e4 O-O 11. e5 Nxe5 12. Bxe5 Bxe5 13. Nxe5 Rfd8 14. Ng4 Qe7 15. Nxf6+ Qxf6 16. Nf1 Rac8 17. Qe2 Rc7 18. Qe5 Qe7 19. c4 Re8 20. cxd5 Rd7 21. dxe6 fxe6 22. Bxb7 Rxb7 23. Rad1 Qf7 24. Nd2 Rd7 25. Nc4 Rd5 26. Qe2 Kh8 27. Nd2 Qf5 28. Ne4 Qh3 29. Qf1 Qg4 30. h3 Qf3 31. Qg2 Qf5 32. Re3 Red8 33. Kh2 Rf8 34. h4 h6 35. Rd2 g6 36. Qh3 Qf7 37. Qg4 Kg7 38. Kg2 Rf5 39. f4 Qd7 40. Nf2 Qd6 41. Rde2 Re8 42. Re5 Rf6 43. Qf3 Qd4 44. Ng4 Rf7 45. Rxe6 Rxe6 46. Rxe6 Rd7 47. Ne5 Rd6 48. Qb7+ Kh8 49. Re8# 1-0

[Event "Niedersachsen-ch B 2024"]
[Site "Verden Aller"]
[Date "2024.01.05"]
[Round "4.9"]
[White "Kesselhut, Pascal"]
[Black "Schlaetker, Christine"]
[Result "1-0"]
[ECO "C29"]
[WhiteElo "1425"]
[BlackElo "1745"]
[Annotator "NA RC"]
[PlyCount "37"]
[EventDate "2024.01.01"]
[EventType "swiss"]
[EventCountry "GER"]
[SourceTitle "playchess.com"]
[Source "ChessBase"]
[SourceQuality "1"]
[TimeControl "40/5400+30:1800+30"]

1. e4 e5 2. Nc3 Nf6 3. f4 d5 4. fxe5 Bg4 5. Be2 Bxe2 6. Qxe2 Nxe4 7. Nxe4 dxe4 8. Qxe4 Nc6 9. Nf3 Bc5 10. c3 Qe7 11. d4 Bb6 12. Qg4 f6 13. O-O Nxe5 14. Nxe5 fxe5 15. Kh1 exd4 16. Bg5 h5 17. Qh4 Qd6 18. Qh3 Rf8 19. Rae1+ 1-0

[Event "Niedersachsen-ch B 2024"]
[Site "Verden Aller"]
[Date "2024.01.05"]
[Round "4.10"]
[White "Eitel, Luc"]
[Black "Rademacher, Bengt"]
[Result "1/2-1/2"]
[ECO "B15"]
[WhiteElo "1535"]
[BlackElo "1702"]
[Annotator "NA RC"]
[PlyCount "116"]
[EventDate "2024.01.01"]
[EventType "swiss"]
[EventCountry "GER"]
[SourceTitle "playchess.com"]
[Source "ChessBase"]
[SourceQuality "1"]
[TimeControl "40/5400+30:1800+30"]

1. e4 c6 2. d4 d5 3. Nd2 dxe4 4. Nxe4 Nf6 5. Nxf6+ exf6 6. c3 Bd6 7. Bd3 O-O 8. Ne2 Re8 9. O-O Qc7 10. Ng3 Nd7 11. Qh5 Nf8 12. Ne4 Be7 13. Re1 Be6 14. Qf3 Rad8 15. Bf4 Qa5 16. Qg3 Rd7 17. Nd6 Red8 18. Nc4 Qh5 19. Bc7 Rc8 20. Bf4 c5 21. Be2 Qg6 22. dxc5 Rxc5 23. Ne3 Qxg3 24. Bxg3 Rd2 25. Nd1 Ng6 26. Bf3 Bd5 27. Re2 Rxe2 28. Bxe2 Ra5 29. c4 Be6 30. a3 f5 31. b4 Bxb4 32. Bc7 Rxa3 33. Rb1 a5 34. Ne3 Ra2 35. Bf3 f4 36. Nd5 Rc2 37. Nxb4 axb4 38. Bd6 Bxc4 39. Bxb4 b5 40. h3 h6 41. Bd6 Nf8 42. Bxf4 Ne6 43. Bd1 Ra2 44. Be3 Ng5 45. Bb3 Ra3 46. Bxc4 bxc4 47. Bxg5 hxg5 48. Rc1 Ra4 49. Kf1 f6 50. Ke2 Kf7 51. Ke3 Ke6 52. Kd4 Kf5 53. Rc2 Kf4 54. Rc3 Kf5 55. Rf3+ Ke6 56. Re3+ Kd6 57. Rc3 Ke6 58. Rxc4 Rxc4+ 1/2-1/2

[Event "Niedersachsen-ch B 2024"]
[Site "Verden Aller"]
[Date "2024.01.05"]
[Round "4.12"]
[White "Krueger, Moritz"]
[Black "Freise, Linus"]
[Result "0-1"]
[ECO "A42"]
[WhiteElo "1607"]
[BlackElo "1480"]
[Annotator "NA RC"]
[PlyCount "116"]
[EventDate "2024.01.01"]
[EventType "swiss"]
[EventCountry "GER"]
[SourceTitle "playchess.com"]
[Source "ChessBase"]
[SourceQuality "1"]
[TimeControl "40/5400+30:1800+30"]

1. d4 d6 2. c4 g6 3. Nc3 Bg7 4. e4 Nd7 5. Nf3 c5 6. Be3 b6 7. Be2 Bb7 8. Qd2 Ngf6 9. d5 Ng4 10. Bf4 O-O 11. O-O Nge5 12. Bh6 Nxf3+ 13. Bxf3 Ne5 14. Be2 Bc8 15. Bxg7 Kxg7 16. f4 Nd7 17. Rae1 f5 18. Bd3 fxe4 19. Nxe4 Nf6 20. Qc3 Kg8 21. Ng3 b5 22. b3 bxc4 23. bxc4 Bd7 24. f5 g5 25. Rf2 Rf7 26. Qd2 Rg7 27. h3 h6 28. Nf1 Qe8 29. g4 a5 30. Qc3 h5 31. Ne3 Rh7 32. Rh2 Qf8 33. Ree2 Kf7 34. h4 Qg7 35. Reg2 Rah8 36. Bc2 hxg4 37. Nxg4 Nxg4 38. Qxg7+ Rxg7 39. Rxg4 gxh4 40. Rxg7+ Kxg7 41. Rg2+ Kf7 42. Kh2 Rh5 43. Bd1 Rh6 44. Bg4 Kf6 45. Kh3 Rh8 46. Rb2 Bxf5 47. Rf2 Rh5 48. Rf4 Rg5 49. Bxf5 Rxf5 50. Rxh4 Rf3+ 51. Kg2 Ra3 52. Rh6+ Kf7 53. Rh7+ Ke8 54. Rg7 Rxa2+ 55. Kf3 Rc2 56. Ke4 Rxc4+ 57. Kf5 Kd7 58. Rg8 Rd4 0-1